 Dungeon Crawl Stone Soup version 0.18-a0-707-g3781854 (webtiles) character file.

539 Geeful the Ruffian (level 7, -2/48 HPs)
             Began as a Human Wanderer on Dec 7, 2015.
             Killed by divine providence
             ... invoked by an orc priest
              (17 damage)
             ... on level 4 of the Dungeon.
             The game lasted 00:13:46 (5630 turns).

Geeful the Ruffian (Human Wanderer)                 Turns: 5630, Time: 00:13:46

Health: -2/48      AC: 10    Str: 14    XL:     7   Next: 51%
Magic:  8/8        EV: 10    Int: 13    God:
Gold:   167        SH:  0    Dex: 14    Spells: 0 memorised, 8 levels left

rFire  . . .     SeeInvis .       - Unarmed
rCold  . . .     Clarity  .     g - +0 ring mail (curse)
rNeg   + . .     SustAt   +     (no shield)
rPois  .         Gourm    .     x - +0 helmet
rElec  .         Spirit   .     z - +2 cloak {MR+}
rCorr  .         Dismiss  .     (no gloves)
rMut   .         Stasis   .     w - +0 pair of boots
MR     ++...                    (no amulet)
Stlth  +.........               k - ring of sustain attributes
                                p - ring of positive energy

@: very resistant to hostile enchantments, very unstealthy
A: talons 1, agile 1, magic resistance 1
a: no special abilities


You were on level 4 of the Dungeon.
You were not hungry.

You visited 1 branch of the dungeon, and saw 4 of its levels.

You collected 167 gold pieces.

Inventory:

Hand Weapons
 a - a +0 blowgun
Missiles
 c - 16 poisoned needles
Armour
 g - a cursed +0 ring mail (worn)
 j - a +0 chain mail
 m - a +0 leather armour
 u - a +0 scale mail
 w - a +0 pair of boots (worn)
 x - a +0 helmet (worn)
 z - a +2 cloak of magic resistance (worn)
 A - a +0 chain mail
Jewellery
 k - a ring of sustain attributes (right hand)
 p - a ring of positive energy (left hand)
Wands
 t - a wand of teleportation (3)
 B - a wand of confusion (9)
Scrolls
 h - 2 scrolls of random uselessness
 y - 2 scrolls of identify
 C - a scroll of amnesia
Potions
 e - a potion of mutation
 l - 3 potions of lignification {unknown}
 n - 3 potions of heal wounds {unknown}
 o - a potion of curing
 q - a potion of resistance
 s - 2 potions of brilliance {unknown}
 v - a potion of might {unknown}
 D - 2 potions of agility {unknown}
 E - a potion of flight {unknown}
Books
 b - the Volume of Earth

   Spells                             Type                      Level
   a - Sandblast                      Earth                        1
   b - Stone Arrow                    Conjuration/Earth            3
 d - a Young Poisoner's Handbook

   Spells                             Type                      Level
   a - Sting                          Conjuration/Poison           1
   b - Cure Poison                    Poison                       2
   c - Mephitic Cloud                 Conjuration/Poison/Air       3
   d - Olgreb's Toxic Radiance        Poison                       4
   e - Venom Bolt                     Conjuration/Poison           5
Comestibles
 f - a bread ration
 i - a beef jerky
 r - 4 meat rations


   Skills:
 - Level 1.0 Fighting
   Level 2.0 Maces & Flails
 - Level 1.0 Throwing
 - Level 2.0 Armour
   Level 1.0 Shields
 + Level 7.4 Unarmed Combat
 - Level 1.0 Spellcasting
   Level 1.0 Fire Magic
   Level 1.0 Poison Magic


You had 8 spell levels left.
You didn't know any spells.

Dungeon Overview and Level Annotations

Branches:
Dungeon (4/15)
 Temple: D:4-7

Altars:
Dithmenos
Elyvilon
Zin


Innate Abilities, Weirdness & Mutations

You have sharp toenails.
You are agile. (Dex +2)
You are resistant to hostile enchantments.


Message History

You closely miss the orc.
The orc priest calls down the wrath of Beogh upon you.
Something smites you! The orc misses you.
You hear a shout! x2
You hit the orc but do no damage. The orc hits you but does no damage.
You hit the orc.
The orc is lightly wounded.
The orc priest calls upon Beogh to heal the orc.
The orc's wounds heal themselves!
The orc hits you with a short sword.
An orc comes into view. It is wielding a hand axe.
You closely miss the orc.
The orc priest calls down the wrath of Beogh upon you.
Something smites you!
* * * LOW HITPOINT WARNING * * *
The orc barely misses you.
You barely miss the orc. You punch the orc, but do no damage.
An orc wizard comes into view. It is wielding a dagger.
The orc priest mumbles some strange prayers to Beogh against you.
Something smites you!
You die...

...####.### #(...#
.#.##.....# #o##(#
.#.##.###.######.##o#
.#.##.# #.>...##.##.#
.#.##.###[###.##.##)#
##.##........#.o#oo.#
.....)..##..#.##.####
.....)........ #o#
.####.#.#.#.#. #@# .#
#.#........#.# .#
#...#.#.#....# .#
##........##.# .#
.)#.#.#. #.# .# #...
#.. .# ..# .. ...


You could see an orc priest, an orc wizard and an orc.

Vanquished Creatures
  Duvessa (D:4)
  Dowan (D:4)
  A scorpion (D:4)
  Crazy Yiuf (D:3)
  2 hounds (D:4)
  2 orc wizards
  Ijyb (D:3)
  Robin (D:3)
  5 adders
  2 oozes (D:1)
  3 worms (D:2)
  10 orcs
  2 ball pythons
  3 bats
  14 goblins
  13 hobgoblins
  2 quokkas (D:3)
  5 giant cockroaches
  A giant gecko (D:1)
  5 giant newts
  8 jackals
  6 kobolds
  A quokka skeleton (D:4)
  10 rats
100 creatures vanquished.

Notes
Turn   | Place    | Note
--------------------------------------------------------------
     0 | D:1      | Geeful the Human Wanderer began the quest for the Orb.
     0 | D:1      | Geeful set off with: a Young Poisoner's Handbook, the Volume of Earth, 12 poisoned needles, a +0 blowgun, a +0 robe, a bread ration
     0 | D:1      | Reached XP level 1. HP: 15/15 MP: 2/2
     0 | D:1      | Identified the Volume of Earth
   554 | D:1      | Reached skill level 1 in Unarmed Combat
   699 | D:1      | Reached XP level 2. HP: 19/21 MP: 3/3
  1275 | D:1      | Reached XP level 3. HP: 3/26 MP: 4/4
  1287 | D:1      | Gained mutation: You are agile. (Dex +2) [potion of mutation]
  1287 | D:1      | Gained mutation: You have sharp toenails. [potion of mutation]
  1287 | D:1      | Gained mutation: You are resistant to hostile enchantments. [potion of mutation]
  1852 | D:2      | Found a glowing silver altar of Zin.
  1879 | D:2      | HP: 1/26 [worm (8)]
  2258 | D:2      | Found a faded altar to an unknown god.
  2290 | D:2      | Reached skill level 3 in Unarmed Combat
  2684 | D:2      | Found a white marble altar of Elyvilon.
  2684 | D:2      | Found a shadowy altar of Dithmenos.
  2724 | D:2      | Reached XP level 4. HP: 24/32 MP: 5/5
  3191 | D:3      | Reached skill level 4 in Unarmed Combat
  3198 | D:3      | Reached XP level 5. HP: 16/37 MP: 6/6
  3552 | D:3      | Noticed Robin
  3573 | D:3      | Killed Robin
  4222 | D:3      | Noticed Crazy Yiuf
  4234 | D:3      | Killed Crazy Yiuf
  4234 | D:3      | Reached skill level 5 in Unarmed Combat
  4234 | D:3      | Reached XP level 6. HP: 43/43 MP: 7/7
  4399 | D:3      | Noticed Ijyb
  4413 | D:3      | Killed Ijyb
  4799 | D:4      | Reached skill level 6 in Unarmed Combat
  5079 | D:4      | Noticed Duvessa
  5081 | D:4      | Noticed Dowan
  5108 | D:4      | Killed Duvessa
  5108 | D:4      | Reached XP level 7. HP: 32/48 MP: 8/8
  5115 | D:4      | Killed Dowan
  5367 | D:4      | Reached skill level 7 in Unarmed Combat
  5630 | D:4      | Killed from afar by an orc priest

Vault maps used:
D:1:      zaba_arrival_water, grunt_decor_clamped
D:2:      zin_academy, gammafunk_temple_overflow_elements, ecumenical_altar_1
D:3:      kennysheep_generic_room_8, uniq_crazy_yiuf_cottage, uniq_robin,
          uniq_iyjb
D:4:      serial_glass, glass_columns_c, glass_columns_b, glass_columns_b,
          glass_columns_b, glass_columns_a, glass_columns_a, glass_columns_a,
          glass_columns_c, uniq_blork_the_orc, uniq_duvessa

Action                   |  1- 3 |  4- 6 |  7- 9 || total
-------------------------+-------+-------+-------++-------
Melee: Unarmed           |   155 |   230 |    34 ||   419
 Fire: Blowgun           |    24 |    23 |     9 ||    56
  Use: Scroll            |     3 |     5 |     1 ||     9
       Potion            |     2 |       |       ||     2
  Eat: Chunk             |     5 |     7 |     3 ||    15
